Unix NetHack Version 3.7.0-62 Work-in-progress - last build Aug 7 2022 04:32:40 (f254b98e4f4e6c2f4e816e90bd3419c5233a8e5f,branch:master). Game began 2022-08-08 20:40:52, ended 2022-08-08 22:12:24. Colobot, neutral male human Wizard ------ |....| ----- |....| --------- |... |....|########........| |$$$ |.....# |.......| |$$$ ---|--# %@......| $$ ### |.......| # |$$ # |.......| -----|-- |$ #### -------.- |.....>| + # |......| ############## |......| # #################### |......| #### # -.--------- ###-......| #-.--------- |.........|## |......| #+.........| |..........# -------- |.........| |.........| |.........| ----------- ----------- Colobot the Conjurer St:8 Dx:10 Co:17 In:16 Wi:11 Ch:9 Neutral Dlvl:8 $:348 HP:0(29) Pw:34(51) AC:7 Xp:5/257 T:2663 Latest messages: The door resists! In what direction? The door resists! In what direction? The door closes. What do you want to use or apply? [ck-nq-sDEZ or ?*] In what direction? Lock it? [ynq] (q) You succeed in locking the door. In what direction? The door opens. You hit the Uruk-hai. You hit the Uruk-hai. You miss the Uruk-hai. The Uruk-hai wields a crude short sword! You hit the Uruk-hai. You miss the Uruk-hai. You hit the Uruk-hai. The Uruk-hai thrusts her crude short sword. The Uruk-hai hits! You hit the Uruk-hai. You hit the Uruk-hai. You hit the Uruk-hai. The Uruk-hai thrusts her crude short sword. The Uruk-hai hits! In what direction? The door resists! In what direction? The door resists! In what direction? The door closes. The Uruk-hai opens a door. You are beginning to feel hungry. What do you want to eat? [IV or ?*] This food really hits the spot! You finish eating the food ration. Pick an object. F a fungus or mold (shrieker) In what direction? The spell hits the Uruk-hai! In what direction? The spell misses the Uruk-hai. You kill the Uruk-hai! $ - 26 gold pieces (348 in total). You see here a pair of hard shoes. You hit the lichen. You kill the lichen! P - a pair of hard shoes. You are hit by a poisoned crude arrow. The poison was deadly... Major events: Turn 1: Colobot the neutral male human Wizard entered the dungeon 1130: entered the Gnomish Mines 1200: attained the rank of Conjurer (level 3) 2663: poisoned by an orcish arrow Inventory: Weapons (')') U - an uncursed +0 orcish dagger (weapon in hand) Armor ('[') M - an uncursed +0 orcish helm (being worn) P - a cursed +0 pair of iron shoes G - a cursed -1 pair of speed boots (being worn) b - an uncursed +0 cloak of magic resistance (being worn) N - an uncursed +0 mummy wrapping z - an uncursed +0 Hawaiian shirt with a hibiscus flower motif H - an uncursed +0 leather jacket (being worn) Comestibles ('%') V - an uncursed food ration I - an uncursed tripe ration Scrolls ('?') R - an uncursed scroll of amnesia K - an uncursed scroll of fire j - an uncursed scroll of gold detection y - a blessed scroll of identify Y - 2 uncursed scrolls of identify B - an uncursed scroll of magic mapping i - a blessed scroll of remove curse u - an uncursed scroll of taming Q - an uncursed scroll of teleportation Spellbooks ('+') r - a blessed spellbook of force bolt Z - an uncursed spellbook of haste self D - an uncursed spellbook of turn undead Potions ('!') f - an uncursed potion of full healing v - an uncursed potion of gain ability h - a blessed potion of levitation A - an uncursed potion of levitation J - an uncursed potion of paralysis g - an uncursed potion of see invisible t - an uncursed potion of sickness Rings ('=') e - an uncursed +1 ring of increase damage d - an uncursed ring of polymorph Wands ('/') m - an uncursed wand of digging (0:5) E - an uncursed wand of make invisible (0:3) c - an uncursed wand of undead turning (0:6) Tools ('(') q - an empty uncursed sack l - an uncursed leash n - an uncursed magic marker (0:80) k - an uncursed skeleton key s - an uncursed towel named !c Gems/Stones ('*') T - an uncursed chrysoberyl stone L - 2 uncursed worthless pieces of black glass S - an uncursed worthless piece of blue glass p - an uncursed worthless piece of yellow glass C - 6 uncursed rocks Colobot the Wizard's attributes: Background: You were a Conjurer, a level 5 male human Wizard. You were neutral, on a mission for Thoth who was opposed by Ptah (lawful) and Anhur (chaotic). You were in the Dungeons of Doom, on level 8. You entered the dungeon 2663 turns ago. It was nighttime. You had 257 experience points, 63 more were needed to attain level 6. Basics: You had 0 out of 29 hit points. You had 34 out of 51 energy points (spell power). Your armor class was 7. Your wallet contained 348 zorkmids. Autopickup was on for '$%?!"=/*', with exceptions. Final Characteristics: Your strength was 8 (peak:11, limit:18/100). Your dexterity was 10 (limit:18). Your constitution was 17 (limit:18). Your intelligence was 16 (limit:18). Your wisdom was 11 (limit:18). Your charisma was 9 (limit:18). Final Status: You were not hungry. You were unencumbered. You were wielding a dagger. You had basic skill with dagger. Final Attributes: You were piously aligned. You were magic-protected. You were warded. You were very fast. You are dead. Miscellaneous: You disabled loading of bones levels. Total elapsed playing time was 1 hour, 31 minutes and 30 seconds. Vanquished creatures: a black light a dwarf mummy an imp an Uruk-hai a fog cloud a shrieker 2 elf zombies a baby crocodile a kobold leader 2 giant bats a werejackal 2 iguanas a large kobold a brown mold a yellow mold a red mold a garter snake 2 geckos a jackal 2 foxes 3 goblins 4 grid bugs 7 lichens 3 newts 42 creatures vanquished. No species were genocided or became extinct. Voluntary challenges: You read items or engraved 4 times. You engraved Elbereth 3 times. You never genocided any monsters. You never polymorphed an object. You never changed form. You used no wishes. Achievements: You entered a shop. You entered the Gnomish Mines. You attained the rank of Conjurer. The Dungeons of Doom: levels 1 to 10 Level 1: A fountain. Level 2: A general store. Level 3: An armor shop, a fountain, a sink. Stairs down to The Gnomish Mines. Level 4: A health food store, a fountain, a grave. Level 5: A fountain. Level 6: Many fountains. Oracle of Delphi. Level 8: <- You were here. Final resting place for you, poisoned by an orcish arrow. Level 9: "GoP" A fountain, a grave. Level 10: A throne. The Gnomish Mines: Level 4: Game over: ---------- / \ / REST \ / IN \ / PEACE \ / \ | Colobot | | 348 Au | | poisoned by an | | orcish arrow | | | | | | 2022 | *| * * * | * _________)/\\_//(\/(/\)/\//\/|_)_______ Goodbye Colobot the Wizard... You were poisoned in The Dungeons of Doom on dungeon level 8 with 1802 points, and 348 pieces of gold, after 2663 moves. You were level 5 with a maximum of 29 hit points when you were poisoned.